 Dungeon Crawl Stone Soup version 0.26-a0-1132-ge9770dfcb6 (webtiles) character file.

Game seed: 1397896495128405452

46581 ANON1729 the Alchemist (level 14, -5/88 HPs)
             Began as a Merfolk Transmuter on Dec 21, 2020.
             Was a Follower of Uskayaw.
             Slain by a manticore (25 damage)
             ... on level 6 of the Lair of Beasts.
             The game lasted 01:03:04 (22516 turns).

ANON1729 the Alchemist (Merfolk Transmuter)        Turns: 22516, Time: 01:03:04

Health: -5/88      AC:  2    Str:  8    XL:     14   Next: 38%
Magic:  16/26      EV: 25    Int: 17    God:    Uskayaw [*.....]
Gold:   1411       SH:  0    Dex: 20    Spells: 1/29 levels left

rFire    . . .     SeeInvis .     - Unarmed
rCold    + . .     Faith    .   (shield currently unavailable)
rNeg     . . .     Spirit   .   (armour currently unavailable)
rPois    x         Reflect  .   (helmet currently unavailable)
rElec    .         Harm     .   (cloak currently unavailable)
rCorr    .         Rampage  .   (gloves currently unavailable)
Will     +....                  (boots currently unavailable)
Stlth    ++........             C - amulet of regeneration
HPRegen  0.64/turn              R - ring of protection from cold
MPRegen  0.20/turn              q - +4 ring of evasion

@: spider-form, very slightly contaminated
A: tiny, (change form in water), (swift swim), (stealthy swim), weak 1
a: End Transformation, Renounce Religion, Stomp


You were on level 6 of the Lair of Beasts.
You worshipped Uskayaw.
Uskayaw was aware of your devotion.
You were a venomous arachnid creature.
You visited 3 branches of the dungeon, and saw 18 of its levels.
You also visited: Sewer.

You collected 1411 gold pieces.

Inventory:

Missiles
 y - 119 poisoned darts
 P - 2 atropa-tipped darts
Armour
 m - a +1 robe of resistance (melded)
 F - the +0 helmet of Duck's Teeth (melded) {Regen+ Int+4 Stlth-}
   (You found it on level 3 of the Lair of Beasts)

   It affects your intelligence (+4).
   It increases your rate of regeneration.
   It makes you less stealthy.
 L - the +1 cloak "Petah" {rF- rC+ Will+ Str+3}
   (You found it on level 5 of the Lair of Beasts)

   It affects your strength (+3).
   It makes you vulnerable to fire.
   It protects you from cold.
   It affects your willpower, your defense against some magical effects.
 N - a +0 pair of gloves (melded)
 Q - a +2 pair of boots of flying (melded)
 T - a +2 robe of positive energy
Jewellery
 q - a +4 ring of evasion (right front leg)
 r - an uncursed ring of resist corrosion
 C - an amulet of regeneration (around neck)
 D - an uncursed ring of flight
 R - a ring of protection from cold (left front leg)
 U - an uncursed amulet of the acrobat {unknown}
Wands
 p - a wand of paralysis (17) (quivered)
 w - a wand of flame (37)
 E - a wand of random effects (16)
 M - a wand of iceblast (12)
 S - a wand of polymorph (8)
 V - a wand of enslavement (7)
Scrolls
 a - 2 scrolls of magic mapping {unknown}
 b - 3 scrolls of immolation
 d - 4 scrolls of remove curse
 e - 3 scrolls of amnesia
 f - 6 scrolls of fear
 g - 5 scrolls of enchant armour
 h - a scroll of blinking
 o - 8 scrolls of teleportation
 v - 2 scrolls of enchant weapon
 I - a scroll of brand weapon
 K - 2 scrolls of vulnerability
 W - a scroll of identify
Potions
 c - 2 potions of brilliance
 i - a potion of ambrosia
 j - 3 potions of attraction
 k - a potion of mutation {unknown}
 l - 3 potions of lignification
 n - a potion of berserk rage {unknown}
 s - a potion of invisibility {unknown}
 t - 2 potions of degeneration {unknown}
 u - 5 potions of haste
 x - 3 potions of heal wounds
 z - 9 potions of curing
 A - 4 potions of flight
 B - 8 potions of might
 G - 3 potions of resistance
 H - 3 potions of cancellation
 J - a potion of magic {unknown}
Miscellaneous
 O - a condenser vane


   Skills:
 - Level 1.1 Fighting
 - Level 2.7 Dodging
 + Level 14.2 Unarmed Combat
 - Level 8.1 Spellcasting
 + Level 15.7 Transmutations
 * Level 7.2 Earth Magic
 + Level 8.2 Poison Magic
 + Level 10.2 Invocations


You had one spell level left.
You knew the following spells:

 Your Spells              Type           Power        Failure   Level
a - Beastly Appendage     Tmut           100%         1%          1
b - Wereblood             Tmut           57%          1%          2
c - Spider Form           Tmut/Pois      23%          2%          3
d - Blade Hands           Tmut           28%          3%          5
e - Passwall              Tmut/Erth      37%          1%          2
f - Eringya's Noxious Bo  Tmut/Pois      23%          28%         6
g - Ignite Poison         Fire/Tmut/Pois 34%          5%          3
s - Statue Form           Tmut/Erth      30%          32%         6

Your spell library contained the following spells:

 Spells                   Type           Power        Failure   Level
 Sting                    Tmut/Pois      100%         1%          1
 Apportation              Tloc           12%          26%         1
 Freeze                   Ice            24%          26%         1
 Summon Small Mammal      Summ           24%          26%         1
 Alistair's Intoxication  Tmut/Pois      31%          8%          5
 Ice Form                 Ice/Tmut       33%          13%         4
 Mephitic Cloud           Conj/Pois/Air  16%          24%         3
 Lee's Rapid Deconstruct  Erth           15%          32%         5
 Call Imp                 Summ           6%           34%         2
 Ensorcelled Hibernation  Hex/Ice        12%          34%         2
 Call Canine Familiar     Summ           6%           52%         3
 Frozen Ramparts          Ice            12%          52%         3
 Lesser Beckoning         Tloc           3%           52%         3
 Ozocubu's Armour         Ice            6%           52%         3
 Summon Guardian Golem    Hex/Summ       6%           52%         3
 Tukima's Dance           Hex            6%           52%         3
 Borgnjor's Vile Clutch   Necr/Erth      9%           75%         5
 Hailstorm                Conj/Ice       6%           87%         4
 Summon Ice Beast         Ice/Summ       6%           87%         4
 Summon Lightning Spire   Summ/Air       6%           87%         4
 Silence                  Hex/Air        3%           99%         5
 Invisibility             Hex            6%           100%        6
 Shadow Creatures         Summ           N/A          100%        6


Dungeon Overview and Level Annotations

Branches:
Dungeon (11/15)            Temple (1/1) D:7            Lair (6/6) D:10
 Shoals (0/4) Lair:3        Snake (0/4) Lair:4        Slime (0/5) Lair:5
    Orc (0/2) D:9           Sewer (visited)

Altars:
Ashenzari
Cheibriados
Dithmenos
Elyvilon
Fedhas
Gozag
Hepliaklqana
Kikubaaqudgha
Makhleb
Nemelex Xobeh
Okawaru
Qazlal
Ru
Sif Muna
Trog
Uskayaw
Vehumet
Wu Jian
Xom
Yredelemnul
Zin
The Shining One

Shops:
D:5 (   D:10 ?

Annotations:
D:6 2 transporters, hemabe71's ghost, novice HuAr
D:11 exclusion: ugly thing


Innate Abilities, Weirdness & Mutations

((You revert to your normal form in water.))
((You are very nimble and swift while swimming.))
((You are very stealthy in the water. (Stealth+)))
You are weak. (Str -2)


Message History

Aiming: Line Pass
Press: ? - help, Dir - move target The yak appears confused.
The manticore appears confused.
You can no longer pass through a line of other dancers.
The manticore misses you. x2; The manticore claws you.
The yak gores the manticore.
You hit the manticore but do no damage.
The manticore is poisoned.
The manticore is lightly wounded.
The manticore completely misses you. The manticore claws you!
* * * LOW HITPOINT WARNING * * *
The manticore completely misses you.
You bite the manticore!
The manticore looks as sick as possible!
The manticore is moderately wounded.
You bite the manticore!
The manticore is severely wounded.
You feel sick.
You are no longer poisoned.
The manticore seems less confused.
The manticore bites you!!
You die...

..# ##..##.###
... ##........#
#.# #......#...
#.# #.....###P.
#.# #....## ##.
#.# ###..### ##
#.# ##...##
####.## ###..##
#sH.†.# ##...#
#...#Y.## #P..##
#.####..#
##...## ##
##..## ##......
#P..P####..###..
##.....##..##
### #..8.8.....#
# #..8.P..8.###
#.....8....# #


You could see a manticore (extremely poisoned) and a yak (confused, extremely
poisoned).

Vanquished Creatures
  Gastronok (Lair:3)
  The ghost of Mexzic the Blocker, a journeyman TeCj of Vehumet (Lair:4)
  A boulder beetle (Lair:4)
  5 hydras
  2 catoblepae
  A two-headed ogre (D:9)
  7 death yaks
  Nergalle (Lair:3)
  A fire crab (Lair:5)
  A manticore (Lair:6)
  3 black mambas
  Joseph (D:9)
  10 elephants
  15 cane toads
  8 komodo dragons
  A rime drake (Lair:4)
  2 wyverns
  3 polar bears
  A troll (D:9)
  A wolf spider simulacrum (Lair:5)
  10 dream sheep (Lair:5)
  8 blink frogs
  43 yaks
  A dire elephant simulacrum (Lair:5)
  A basilisk (Lair:2)
  Edmund (D:5)
  7 nagas (Lair:4)
  11 water moccasins
  Duvessa (D:5)
  7 orc warriors
  4 sky beasts
  An eye of draining (D:10)
  2 ice beasts
  3 phantoms
  A necrophage (D:5)
  3 ogres
  3 centaurs
  12 wolves
  2 big kobolds
  13 bullfrogs
  A gnoll sergeant (D:8)
  Dowan (D:5)
  A wyvern zombie (D:7)
  3 scorpions
  5 killer bees (D:8)
  4 howler monkeys
  4 wights (D:8)
  2 bullfrog zombies
  A komodo dragon simulacrum (Lair:5)
  5 hounds
  A centaur skeleton (D:5)
  4 jellies
  A quasit (D:10)
  13 orc priests
  12 orc wizards
  4 bullfrog skeletons
  4 iguanas
  Ijyb (D:2)
  Natasha (thrice) (D:4)
  8 worker ants
  4 hell rats (Lair:2)
  2 yak simulacra (Lair:5)
  2 hound zombies (D:6)
  2 worker ant zombies
  14 adders
  4 gnolls (D:8)
  7 river rats (Sewer)
  A shadow imp (D:9)
  2 white imps (D:6)
  2 ufetubi
  3 adder skeletons
  7 worms
  A dart slug (D:1)
  4 leopard geckos
  37 orcs
  8 bats
  5 giant cockroaches
  10 goblins
  7 hobgoblins
  3 jackals (D:2)
  3 quokkas
  5 ball pythons
  5 frilled lizards
  A jackal skeleton (D:5)
  33 kobolds
  A leopard gecko skeleton (D:5)
  A quokka skeleton (D:5)
  26 rats
478 creatures vanquished.

Vanquished Creatures (collateral kills)
  A big kobold (D:9)
  An orc wizard (D:9)
2 creatures vanquished.

Vanquished Creatures (others)
  A hydra (Lair:3)
  A catoblepas (Lair:6)
  2 death yaks (Lair:6)
  A cane toad (Lair:4)
  An anaconda simulacrum (Lair:5)
  A wyvern (Lair:3)
  3 yaks (Lair:6)
  A water moccasin (Lair:6)
  A water moccasin simulacrum (Lair:5)
  16 fungi
  46 plants
74 creatures vanquished.

Grand Total: 554 creatures vanquished

Notes
Turn   | Place    | Note
-------+----------+-------------------------------------------
     0 | D:1      | ANON1729 the Merfolk Transmuter began the quest for the
                  | Orb.
     0 | D:1      | Reached XP level 1. HP: 15/15 MP: 3/3
   204 | D:1      | Reached XP level 2. HP: 18/21 MP: 5/5
  1127 | D:1      | Reached XP level 3. HP: 25/26 MP: 6/6
  2074 | D:2      | Found an iron altar of Okawaru.
  2075 | D:2      | Found a shadowy altar of Dithmenos.
  2199 | D:2      | Reached skill level 5 in Unarmed Combat
  2488 | D:2      | Reached XP level 4. HP: 32/32 MP: 7/7
  2660 | D:2      | Found a glowing silver altar of Zin.
  2661 | D:2      | Found a sparkling altar of Nemelex Xobeh.
  2661 | D:2      | Found a hazy altar of Hepliaklqana.
  2671 | D:2      | Found a sacrificial altar of Ru.
  2675 | D:2      | Found a snail-covered altar of Cheibriados.
  2703 | D:2      | Found a basalt altar of Yredelemnul.
  2703 | D:2      | Found a bloodstained altar of Trog.
  2894 | D:3      | Reached skill level 3 in Transmutations
  2919 | D:3      | Noticed Ijyb
  3123 | D:2      | Killed Ijyb
  3730 | D:3      | Reached XP level 5. HP: 37/37 MP: 6/8
  4450 | D:3      | Reached skill level 4 in Transmutations
  4804 | D:4      | Found a glowing drain.
  4815 | D:4      | Learned a level 2 spell: Wereblood
  4819 | D:4      | Learned a level 3 spell: Spider Form
  4847 | D:4      | Noticed Natasha
  4860 | D:4      | Killed Natasha
  5112 | Sewer    | Entered a sewer
  5497 | Sewer    | Reached XP level 6. HP: 38/43 MP: 9/9
  5587 | Sewer    | Reached skill level 5 in Transmutations
  6999 | D:4      | Reached skill level 6 in Transmutations
  7051 | D:4      | Reached XP level 7. HP: 36/48 MP: 6/10
  7425 | D:4      | Noticed Natasha
  7440 | D:4      | Killed Natasha
  7441 | D:4      | Reached skill level 7 in Transmutations
  7458 | D:4      | Noticed Natasha
  7470 | D:4      | Killed Natasha
  7777 | D:5      | Entered Level 5 of the Dungeon
  7915 | D:5      | Noticed Edmund
  7927 | D:5      | Killed Edmund
  7928 | D:5      | Reached XP level 8. HP: 54/54 MP: 8/11
  8029 | D:5      | Reached skill level 8 in Transmutations
  8120 | D:5      | Noticed Dowan
  8122 | D:5      | Noticed Duvessa
  8133 | D:5      | Killed Duvessa
  8137 | D:5      | Killed Dowan
  8267 | D:5      | Found Vagercham's Weapon Emporium.
  8354 | D:5      | Reached skill level 9 in Transmutations
  8919 | D:6      | Learned a level 5 spell: Blade Hands
  9326 | D:6      | Reached skill level 10 in Transmutations
  9326 | D:6      | Reached XP level 9. HP: 55/59 MP: 9/12
  9404 | D:6      | Found a transporter.
  9451 | D:6      | Noticed hemabe71's ghost (novice HuAr)
  9458 | D:6      | Found a transporter.
  9903 | D:7      | Reached skill level 10 in Unarmed Combat
 10289 | D:7      | Reached skill level 11 in Transmutations
 10312 | D:7      | Noticed a +0 dagger
 10313 | D:7      | Noticed a +0 dagger
 10366 | D:7      | Found a staircase to the Ecumenical Temple.
 10409 | Temple   | Entered the Ecumenical Temple
 10555 | D:7      | Found a stormy altar of Qazlal.
 10670 | D:7      | Found a hide-covered altar of Uskayaw.
 10718 | D:7      | Became a worshipper of Uskayaw the Reveller
 10904 | D:8      | Reached * piety under Uskayaw
 10959 | D:8      | Reached ** piety under Uskayaw
 10972 | D:8      | Reached *** piety under Uskayaw
 10974 | D:8      | Reached skill level 1 in Invocations
 10981 | D:8      | Reached **** piety under Uskayaw
 10982 | D:8      | Reached ***** piety under Uskayaw
 11104 | D:8      | Reached XP level 10. HP: 24/65 MP: 13/13
 11337 | D:8      | Reached skill level 12 in Transmutations
 11630 | D:8      | Found a bloodstained altar of Trog.
 11910 | D:9      | Found a burning altar of Makhleb.
 11994 | D:9      | Found a staircase to the Orcish Mines.
 12428 | D:9      | Reached skill level 5 in Invocations
 12668 | D:9      | Noticed Joseph
 12682 | D:9      | Killed Joseph
 12720 | D:9      | Noticed a two-headed ogre
 12769 | D:9      | Killed a two-headed ogre
 12770 | D:9      | Reached skill level 13 in Transmutations
 13039 | D:9      | Identified 2 scrolls of acquirement
 13353 | D:9      | Acquired 580 gold pieces
 13354 | D:9      | Acquired Sif Muna's Collected Works on Intoxication and
                  | Clay
 13366 | D:9      | Learned a level 2 spell: Passwall
 13374 | D:10     | Entered Level 10 of the Dungeon
 13558 | D:10     | Reached skill level 1 in Poison Magic
 13558 | D:10     | Reached XP level 11. HP: 70/70 MP: 10/15
 13737 | D:10     | Found a staircase to the Lair.
 13914 | D:10     | Found Asobriw's Magic Scroll Shoppe.
 14157 | D:11     | Noticed a purple ugly thing
 14199 | Lair:1   | Entered Level 1 of the Lair of Beasts
 15104 | Lair:2   | Reached skill level 14 in Transmutations
 15104 | Lair:2   | Reached skill level 1 in Earth Magic
 16016 | Lair:3   | Noticed Gastronok
 16116 | Lair:3   | Noticed Nergalle
 16140 | Lair:3   | Killed Nergalle
 16376 | Lair:3   | Reached XP level 12. HP: 76/76 MP: 11/17
 16459 | Lair:3   | Noticed a seven-headed hydra
 16460 | Lair:3   | Found a staircase to the Shoals.
 16466 | Lair:3   | Noticed a six-headed hydra
 16521 | Lair:3   | Got a distressingly furry helmet
 16550 | Lair:2   | Identified the cursed +0 helmet of Duck's Teeth {Regen+
                  | Int+4 Stlth-} (You found it on level 3 of the Lair of
                  | Beasts)
 16647 | Lair:3   | Reached skill level 5 in Poison Magic
 17041 | Lair:3   | Killed Gastronok
 17069 | Lair:3   | Learned a level 6 spell: Statue Form
 17375 | Lair:3   | Killed a six-headed hydra
 17421 | Lair:4   | Reached skill level 5 in Spellcasting
 17600 | Lair:4   | Noticed an eight-headed hydra
 17615 | Lair:4   | Killed an eight-headed hydra
 18016 | Lair:4   | Found a runed translucent door.
 18017 | Lair:4   | Noticed Mexzic's ghost (journeyman TeCj)
 18166 | Lair:4   | Found a staircase to the Snake Pit.
 18244 | Lair:4   | Noticed a death yak
 18245 | Lair:4   | Noticed a death yak
 18250 | Lair:4   | Noticed a death yak
 18257 | Lair:4   | Noticed a death yak
 18258 | Lair:4   | Killed a death yak
 18262 | Lair:4   | Killed a death yak
 18263 | Lair:4   | Reached XP level 13. HP: 38/81 MP: 20/22
 18747 | Lair:5   | Found a transporter.
 18897 | Lair:5   | Reached skill level 15 in Transmutations
 18906 | Lair:5   | Reached skill level 5 in Earth Magic
 19068 | Lair:5   | Found a transporter.
 19310 | Lair:4   | Killed Mexzic's ghost
 20322 | Lair:5   | Found a staircase to the Slime Pits.
 20722 | Lair:5   | Got an ancient cloak
 20738 | Lair:5   | Identified the +1 cloak "Petah" {rF- rC+ Will+ Str+3} (You
                  | found it on level 5 of the Lair of Beasts)
 20797 | Lair:6   | Entered Level 6 of the Lair of Beasts
 20889 | Lair:6   | Learned a level 6 spell: Eringya's Noxious Bog
 20924 | Lair:6   | Reached XP level 14. HP: 72/88 MP: 20/26
 20972 | Lair:6   | Learned a level 3 spell: Ignite Poison
 21135 | Lair:6   | Reached skill level 10 in Invocations
 22314 | Lair:6   | Gained mutation: You are weak. (Str -2) [mutagenic glow]
 22516 | Lair:6   | Slain by a manticore

Illustrated notes

Levels and vault maps discovered:
D:1:      heliophobic_arrival_ceremonial_halls, layout_loops_corners,
          minmay_misc_feat_rugged
D:2:      layout_rooms, minmay_overflow_temple_star_hex,
          gammafunk_temple_overflow_elements, gammafunk_temple_overflow_statue,
          eino_curves_01
D:3:      layout_basic, uniq_ijyb
D:4:      minmay_wonky_spiral, layout_basic, gup_sewer_entry_glass,
          minmay_misc_feat_five, uniq_natasha
D:5:      layout_loops_corners, serial_shops, kennysheep_little_box,
          uniq_duvessa, uniq_edmund
D:6:      layout_loops_corners, gammafunk_ghost_stat_death,
          supply_closet_lemuel, grunt_decor_mini_mirrors
D:7:      layout_basic, nicolae_qazlal_general_emergency,
          dancing_weapons_uskayaw, minmay_temple_entry_mini_moons,
          minmay_misc_feat_plants
D:8:      layout_loops_ring, basic_altar
D:9:      layout_layer_cave, lemuel_crystal_altar, david_orc_3,
          grunt_ministairs_12, uniq_joseph
D:10:     layout_loops_corners, david_lair_shrubbed, basic_altar,
          gammafunk_ghost_arena, serial_shops, shop, uniq_josephine
D:11:     lemuel_ice_spiral_2, layout_rooms, serial_shops, shop
Temple:   zaba_magenta_temple
Lair:1:   layout_misc_corridors
Lair:2:   layout_chaotic_city
Lair:3:   layout_misc_corridors, shoals_dummy_entry, uniq_nergalle,
          uniq_gastronok
Lair:4:   layout_roguey, minmay_snake_entry_guardpost_large,
          ebering_ghost_reflecting_pool, grunt_forest_stairs_basic,
          grunt_megastairs_4
Lair:5:   gammafunk_cloud_chamber, layout_cave_shapes, dpeg_slime_entry_corner,
          serial_rivers, chequers_serial_rivers_marsh,
          chequers_serial_rivers_large_a, chequers_serial_rivers_small_b,
          chequers_serial_rivers_large_b, grunt_megastairs_2,
          serial_bayou_shore_b
Lair:6:   evilmike_catoblepas_cave, layout_cave_pods, lemuel_fruit_fields

Skill      XL: |  1  2  3  4  5  6  7  8  9 10 11 12 13 14 |
---------------+-------------------------------------------+-----
Unarmed Combat | 4 5 6 7 8 9 11 12 13 14 | 14.2
Transmutations | 3 4 6 7 10 11 13 14 15 | 15.7
Invocations    | 3 6 7 9 10 | 10.2
Poison Magic   | 1 4 6 7 8 |  8.2
Earth Magic    | 1 4 6 7 |  7.2
Spellcasting   | 3 6 8 |  8.1
Fighting       | |  1.1
Dodging        | |  2.7

Action                   |  1- 3 |  4- 6 |  7- 9 | 10-12 | 13-15 || total
-------------------------+-------+-------+-------+-------+-------++-------
Melee: Unarmed           |   122 |   330 |   344 |   547 |   399 ||  1742
       Punch             |     2 |     5 |     7 |     7 |    18 ||    39
       Headbutt          |     7 |    25 |     2 |       |       ||    34
       Tailslap          |       |     3 |       |       |     2 ||     5
 Cast: Beastly Appendage |     8 |    23 |     1 |       |       ||    32
       Wereblood         |       |     5 |     1 |     5 |     2 ||    13
       Spider Form       |       |     5 |    21 |    34 |    10 ||    70
       Blade Hands       |       |       |     3 |    30 |    21 ||    54
       Statue Form       |       |       |       |     3 |     9 ||    12
       Eringya's Noxious |       |       |       |       |     5 ||     5
Invok: Line Pass         |       |       |       |     1 |     2 ||     3
       Stomp             |       |       |       |     1 |     3 ||     4
       Grand Finale      |       |       |       |       |     1 ||     1
 Abil: End Transformatio |       |       |       |     4 |     2 ||     6
       Stop Flying       |       |       |       |       |     1 ||     1
Evoke: Wand              |       |       |     2 |    23 |     8 ||    33
  Use: Scroll            |       |       |    13 |    14 |     2 ||    29
       Potion            |       |       |       |     3 |       ||     3
 Stab: Paralysed         |       |       |     5 |    30 |    30 ||    65
       Confused          |       |       |       |     1 |     1 ||     2
       Petrified         |       |       |       |       |     3 ||     3
Armor: Robe              |    24 |    32 |    15 |    17 |    30 ||   118
       Skin              |       |       |     6 |    20 |    98 ||   124
Dodge: Dodged            |    80 |   284 |   236 |   441 |   337 ||  1378

Table legend: (Time is in decaauts)
 A = Elapsed time spent in this place.
 B = Non-inter-level travel time spent in this place.
 C = Inter-level travel time spent in this place.
 D = Time resting spent in this place.
 E = Time spent auto-exploring this place.
 F = Levels seen in this place.
 G = Mean time per level.
                   A        B        C        D        E       F      G
               +--------+--------+--------+--------+--------+-----+--------+
         Total |  22310 |  21401 |    909 |   3428 |  13798 |  19 | 1174.2 |
       Dungeon |  12518 |  12179 |    339 |   1527 |   8695 |  11 | 1138.0 |
        Temple |     76 |     57 |     19 |      0 |     57 |   1 |   76.0 |
          Lair |   8367 |   7817 |    550 |   1427 |   4475 |   6 | 1394.5 |
         Sewer |   1347 |   1347 |      0 |    474 |    570 |   1 | 1347.0 |
               +--------+--------+--------+--------+--------+-----+--------+

Top non-repeatable levels by time:
     D:1: 1847 daAuts
  Lair:5: 1783 daAuts
     D:4: 1717 daAuts
  Lair:4: 1633 daAuts
  Lair:2: 1627 daAuts
  Lair:6: 1617 daAuts
     D:9: 1448 daAuts
     D:3: 1366 daAuts
     D:2: 1355 daAuts
   Sewer: 1347 daAuts
     D:6: 1097 daAuts
  Lair:3: 1019 daAuts
     D:8: 1007 daAuts
     D:5: 983 daAuts
     D:7: 920 daAuts
